 Dungeon Crawl Stone Soup version 0.25-a0-865-gd392131cc7 (webtiles) character file.

Game seed: 13139394568377203562, levelgen mode: deterministic

49 Jerej03 the Charmwright (level 3, -1/31 HPs)
             Began as a Gnoll Skald on Apr 30, 2020.
             Slain by a gnoll
             ... wielding a cursed -3 flail
              (9 damage)
             ... on level 2 of the Dungeon on Dec 4, 2020.
             The game lasted 00:11:39 (909 turns).

Jerej03 the Charmwright (Gnoll Skald)                Turns: 909, Time: 00:11:40

Health: -1/31      AC:  5    Str: 14    XL:     3   Next: 77%
Magic:  9/9        EV: 13    Int: 15    God:
Gold:   104        SH:  0    Dex: 14    Spells: 1/12 levels left

rFire    . . .     SeeInvis .   i - +0 short sword
rCold    . . .     Gourm    .   (no shield)
rNeg     . . .     Faith    .   j - +0 ring mail
rPois    .         Spirit   .   (no helmet)
rElec    .         Reflect  .   (no cloak)
rCorr    .         Harm     .   (no gloves)
MR       .....                  (no boots)
Stlth    +.........             (no amulet)
HPRegen  0.10/turn              (no ring)
MPRegen  0.11/turn              (no ring)

@: no status effects
A: distributed training, fangs 1, strong nose
a: no special abilities


You were on level 2 of the Dungeon.
You were not hungry.

You visited 1 branch of the dungeon, and saw 2 of its levels.

You collected 104 gold pieces.

Inventory:

Hand Weapons
 a - a +0 falchion
 i - a +0 short sword (weapon)
Armour
 b - a +0 leather armour
 e - a cursed -2 leather armour
 j - a +0 ring mail (worn)
Scrolls
 g - a scroll of amnesia {unknown}
 h - a scroll of enchant armour {unknown}
Potions
 f - a potion of degeneration {unknown}
Comestibles
 c - 10 chunks of flesh
 d - a ration


   Skills:
 + Level 4.5 Fighting
 + Level 0.9 Short Blades
 + Level 4.5 Long Blades
 + Level 0.9 Axes
 + Level 0.9 Maces & Flails
 + Level 0.9 Polearms
 + Level 0.9 Staves
 + Level 0.9 Slings
 + Level 0.9 Bows
 + Level 0.9 Crossbows
 + Level 0.9 Throwing
 + Level 2.6 Armour
 + Level 4.5 Dodging
 + Level 0.9 Stealth
 + Level 0.9 Shields
 + Level 0.9 Unarmed Combat
 + Level 5.0 Spellcasting
 + Level 0.6 Conjurations
 + Level 0.6 Hexes
 + Level 5.4 Charms
 + Level 0.6 Summonings
 + Level 0.6 Necromancy
 + Level 0.6 Translocations
 + Level 0.6 Transmutations
 + Level 0.6 Fire Magic
 + Level 0.6 Ice Magic
 + Level 0.6 Air Magic
 + Level 0.6 Earth Magic
 + Level 0.6 Poison Magic
 + Level 1.0 Invocations
 + Level 0.9 Evocations


You had one spell level left.
You knew the following spells:

 Your Spells              Type           Power        Failure   Level  Hunger
a - Infusion              Chrm           ###.         3%          1    None
b - Shroud of Golubria    Chrm/Tloc      ##....       14%         2    ##.....
c - Song of Slaying       Chrm           ###.....     5%          2    ##.....
d - Ozocubu's Armour      Chrm/Ice       ##......     28%         3    ###....
e - Spectral Weapon       Hex/Chrm       ##......     28%         3    ###....

Your spell library contained the following spells:

 Spells                   Type           Power        Failure   Level  Hunger


Dungeon Overview and Level Annotations

Branches:
Dungeon (2/15)

Altars:


Innate Abilities, Weirdness & Mutations

Your experience applies equally to all skills.
You have very sharp teeth.
Your uncanny sense of smell can sniff out nearby items.


Message History

You hit the gnoll.
The gnoll is lightly wounded.
A gnoll comes into view. It is wielding a +0 halberd.
The gnoll closely misses you.
The gnoll shouts!
You hit the gnoll. You bite the gnoll, but do no damage.
The gnoll is heavily wounded.
You hear a shout!
The gnoll closely misses you.
You hear a shout!
You hit the gnoll.
The gnoll is severely wounded.
The gnoll hits you with a cursed -3 flail.
* * * LOW HITPOINT WARNING * * *
You closely miss the gnoll.
The gnoll is severely wounded.
You hit the gnoll.
The gnoll is almost dead.
The gnoll hits you with a cursed -3 flail!
You die...

...### .....#
.....# #....######
....# #....#.....
....# ...........
... ..#÷...####
∆.g. ###..######
#s#
..........######g#
∆
.###......÷÷...#@#
......###.####.#.#
......#.....##)#.##
##......#.#.......#
#...#..........#.##
#.#..<.##.#.#.##.#
∆
...............#.#
#.......(...#..#.#
#.#.#.......#..#.#


You could see a gnoll, a giant cockroach and a hobgoblin.

Vanquished Creatures
  A gnoll (D:1)
  An ooze (D:1)
  2 worms (D:2)
  2 dart slugs
  A leopard gecko (D:2)
  5 giant cockroaches
  A goblin (D:1)
  A quokka (D:2)
  5 bats
  A frilled lizard (D:2)
  4 kobolds
  4 rats
28 creatures vanquished.

Notes
Turn   | Place    | Note
-------+----------+-------------------------------------------
     0 | D:1      | Jerej03 the Gnoll Skald began the quest for the Orb.
     0 | D:1      | Reached XP level 1. HP: 20/20 MP: 6/6
    95 | D:1      | Reached XP level 2. HP: 26/26 MP: 4/7
   104 | D:1      | Learned a level 2 spell: Shroud of Golubria
   420 | D:1      | Reached skill level 5 in Spellcasting
   420 | D:1      | Reached XP level 3. HP: 2/31 MP: 4/9
   439 | D:1      | Learned a level 2 spell: Song of Slaying
   443 | D:1      | Learned a level 3 spell: Ozocubu's Armour
   447 | D:1      | Learned a level 3 spell: Spectral Weapon
   758 | D:2      | Reached skill level 1 in Invocations
   909 | D:2      | Slain by a gnoll

Levels and vault maps discovered:
D:1:      dpeg_arrival_prison, layout_basic, minmay_pentomino_t4
D:2:      layout_basic

Skill      XL: |  1  2  3 |
---------------+----------+-----
Spellcasting   | 5 |  5.0
Invocations    | 1 |  1.0
Fighting       | |  4.5
Short Blades   | |  0.9
Long Blades    | |  4.5
Axes           | |  0.9
Maces & Flails | |  0.9
Polearms       | |  0.9
Staves         | |  0.9
Slings         | |  0.9
Bows           | |  0.9
Crossbows      | |  0.9
Throwing       | |  0.9
Armour         | |  2.6
Dodging        | |  4.5
Stealth        | |  0.9
Shields        | |  0.9
Unarmed Combat | |  0.9
Conjurations   | |  0.6
Hexes          | |  0.6
Charms         | |  5.4
Summonings     | |  0.6
Necromancy     | |  0.6
Translocations | |  0.6
Transmutations | |  0.6
Fire Magic     | |  0.6
Ice Magic      | |  0.6
Air Magic      | |  0.6
Earth Magic    | |  0.6
Poison Magic   | |  0.6
Evocations     | |  0.9

Action                   || total
-------------------------++-------
Melee: Falchion          ||    65
       Bite              ||     8
       Short sword       ||    13
       Punch             ||     1
 Cast: Infusion          ||     7
       Shroud of Golubri ||     1
       Spectral Weapon   ||     1
  Use: Potion            ||     2
 Stab: Sleeping          ||     1
Armor: Leather armour    ||    21
       Ring mail         ||     1
Dodge: Dodged            ||    73
       Rpst.: Falchion   ||    20

Table legend:
 A = Non-vault XP
 B = Vault XP
 C = Vault XP percentage of total XP
 D = Non-vault monster count
 E = Vault monster count
 F = Vault count percentage of total count
                 A         B        C        D         E       F
            +---------+---------+-------+---------+---------+-------
      Total |      60 |      11 |  15.5 |      21 |       7 |  25.0
            +---------+---------+-------+---------+---------+-------
        D:1 |      34 |      11 |  24.4 |      11 |       7 |  38.9
        D:2 |      26 |       0 |   0.0 |      10 |       0 |   0.0
            +---------+---------+-------+---------+---------+-------
